EL
CHATTANOOGA LOOKOUTS @ NORTHWEST ARKANSAS NATURALS
07/27/2045
 
TOP OF THE 1ST
Chattanooga Lookouts batting - Pitching for Northwest Arkansas Naturals : RHP Matt Voulgaris
Pitching: RHP Matt Voulgaris
Batting: RHB J.J. Powers 0-0: Ground out 6-3 (Groundball, 6M, EV 86.9 MPH)
Batting: RHB Mike Craver 0-0: Swinging Strike
0-1: SINGLE (Groundball, 6M, EV 105.6 MPH) (infield hit)
Batting: LHB Jim Pankratz 0-0: Called Strike
0-1: Ball
1-1: Foul Ball, location: 2F
1-2: Ball
2-2: Fly out, F7 (Line Drive, 7, EV 87.5 MPH)
Batting: RHB Matt Dunn 0-0: Called Strike
0-1: Called Strike
0-2: Ball
1-2: Hit by Pitch
Mike Craver to second
Batting: LHB Matt Robertson 0-0: Foul Ball, location: 2F
0-1: SINGLE (Flyball, 3D, EV 83.8 MPH)
Mike Craver to third
Matt Dunn to second
Runner from 3rd tries for Home, SAFE, throw by RF to home
Batting: RHB Isaiah Easter 0-0: Ball
1-0: Foul Ball, location: 2F
1-1: 3-RUN HOME RUN (Flyball, 7LD, EV 96.2 MPH), Distance : 349 ft
Batting: LHB Israel Montoya 0-0: Ball
1-0: Ball
2-0: Ball
3-0: Swinging Strike
3-1: SINGLE (Groundball, 4D, EV 93.8 MPH)
Pitching: RHP Matthew Orphan
Batting: RHB Bobby Blanchard 0-0: Called Strike
0-1: Ball
1-1: Called Strike
1-2: SINGLE (Groundball, P, EV 83.8 MPH) (infield hit)
Israel Montoya to second
Batting: SHB Duri Chilemba 0-0: Foul Ball, location: 2F
0-1: Ball
1-1: Ball
2-1: Ball
3-1: Ground out 6-3 (Groundball, 6MS, EV 83.8 MPH)
Top of the 1st over - 4 runs, 5 hits, 0 errors, 2 left on base; Chattanooga 4 - Northwest Arkansas 0
BOTTOM OF THE 1ST
Northwest Arkansas Naturals batting - Pitching for Chattanooga Lookouts : RHP Mike Ferry
Pitching: RHP Mike Ferry
Batting: RHB Justin Bonner 0-0: Called Strike
0-1: Ball
1-1: SINGLE (Groundball, 4M, EV 103.8 MPH) (infield hit)
Batting: RHB Danny Weisse 0-0: Ball
1-0: Called Strike
1-1: Ball
2-1: Called Strike
Justin Bonner steals 2nd base
2-2: Ground out U3 (Groundball, 34, EV 103.8 MPH)
Justin Bonner to third
Batting: RHB Yi-lin Niu 0-0: Swinging Strike
0-1: Ball
1-1: Ball
2-1: Called Strike
2-2: Ball
3-2: Foul Ball, location: 2F
3-2: Fly out, F8 (Flyball, 8LD, EV 101.9 MPH)
Runner from 3rd tags up, SCORES, throw by CF
Batting: LHB Josh Moore 0-0: Foul Ball, location: 2F
0-1: Ball
1-1: Ball
2-1: Ground out 4-3 (Groundball, 4S, EV 85.0 MPH)
Bottom of the 1st over - 1 run, 1 hit, 0 errors, 0 left on base; Chattanooga 4 - Northwest Arkansas 1
TOP OF THE 2ND
Chattanooga Lookouts batting - Pitching for Northwest Arkansas Naturals : RHP Matthew Orphan
Batting: RHB J.J. Powers 0-0: Ball
1-0: Foul Ball, location: 2F
1-1: SINGLE (Line Drive, 89S, EV 91.9 MPH)
Batting: RHB Mike Craver 0-0: Ball
1-0: Ball
J.J. Powers steals 2nd base (no throw)
2-0: SINGLE (Groundball, 34S, EV 63.1 MPH) (infield hit)
J.J. Powers to third
Batting: LHB Jim Pankratz 0-0: 3-RUN HOME RUN (Flyball, 78XD, EV 103.1 MPH), Distance : 420 ft
Batting: RHB Matt Dunn 0-0: Ball
1-0: Ball
2-0: Ball
3-0: Called Strike
3-1: Called Strike
3-2: SOLO HOME RUN (Flyball, 8LXD, EV 116.2 MPH), Distance : 455 ft
Pitching: RHP Vinny Reveles
Batting: LHB Matt Robertson 0-0: Ball
1-0: Fly out, F8 (Line Drive, 8LM, EV 92.5 MPH)
Batting: RHB Isaiah Easter 0-0: Fly out, F8 (Flyball, 8RD, EV 90.6 MPH)
Batting: LHB Israel Montoya 0-0: Ball
1-0: Ball
2-0: Foul Ball, location: 2F
2-1: Foul Ball, location: 2F
2-2: Ground out 4-3 (Groundball, 4, EV 87.5 MPH)
Top of the 2nd over - 4 runs, 4 hits, 0 errors, 0 left on base; Chattanooga 8 - Northwest Arkansas 1
BOTTOM OF THE 2ND
Northwest Arkansas Naturals batting - Pitching for Chattanooga Lookouts : RHP Mike Ferry
Batting: SHB Jason Anaya 0-0: Swinging Strike
0-1: Ball
1-1: Foul Ball, location: 2F
1-2: SINGLE (Line Drive, 9S, EV 93.1 MPH)
Batting: RHB Alex Cid 0-0: Ball
1-0: Fielders Choice at 2nd, U6 (Groundball, P, EV 82.5 MPH)
Batting: RHB Josh Gordon 0-0: Ball
1-0: Ball
2-0: Called Strike
2-1: Called Strike
2-2: SINGLE (Groundball, 6S, EV 98.1 MPH)
Alex Cid to second
Batting: RHB Dante McCauley 0-0: Ball
1-0: Called Strike
1-1: Ball
2-1: Foul Ball, location: 2F
2-2: Foul Ball, location: 2F
2-2: Grounds into double play, 1-6-3 (Groundball, 13, EV 66.9 MPH)
Bottom of the 2nd over - 0 runs, 2 hits, 0 errors, 1 left on base; Chattanooga 8 - Northwest Arkansas 1
TOP OF THE 3RD
Chattanooga Lookouts batting - Pitching for Northwest Arkansas Naturals : RHP Vinny Reveles
Batting: RHB Bobby Blanchard 0-0: Ball
1-0: Foul Ball, location: 2F
1-1: Foul Ball, location: 2F
1-2: Ball
2-2: SINGLE (Line Drive, 8LS, EV 90.6 MPH)
Batting: SHB Duri Chilemba 0-0: Called Strike
0-1: Called Strike
0-2: Foul Ball, location: 2F
0-2: Foul Ball, location: 2F
0-2: Ball
1-2: Ball
2-2: Strikes out swinging
Pitching: LHP Joel Page
Batting: RHB J.J. Powers 0-0: Swinging Strike
0-1: Foul Ball, location: 2F
0-2: Ball
1-2: Ball
2-2: SINGLE (Line Drive, 4M, EV 107.5 MPH)
Bobby Blanchard to second
Batting: RHB Mike Craver 0-0: Ball
1-0: Foul Ball, location: 2F
1-1: Called Strike
1-2: Foul Ball, location: 2F
1-2: Ball
2-2: Ball
3-2: Base on Balls
Bobby Blanchard to third
J.J. Powers to second
Batting: LHB Jim Pankratz 0-0: Called Strike
0-1: Ball
1-1: Swinging Strike
1-2: SINGLE (Flyball, 89M, EV 91.9 MPH)
Bobby Blanchard scores
J.J. Powers to third
Mike Craver to second
Batting: RHB Matt Dunn 0-0: Ball
1-0: Ball
2-0: Ball
3-0: Base on Balls
J.J. Powers scores
Mike Craver to third
Jim Pankratz to second
Pitching: RHP Arturo Rojas
Batting: LHB Matt Robertson 0-0: Ball
1-0: Swinging Strike
1-1: Called Strike
1-2: Foul Ball, location: 2F
1-2: Ball
Passed Ball!
Mike Craver scores
Jim Pankratz to third
Matt Dunn to second
2-2: DOUBLE (Flyball, 8RXD, EV 90.0 MPH)
Jim Pankratz scores
Matt Dunn scores
Batting: RHB Isaiah Easter 0-0: Ball
1-0: Called Strike
1-1: 2-RUN HOME RUN (Flyball, 7D, EV 94.4 MPH), Distance : 377 ft
Batting: LHB Israel Montoya 0-0: Called Strike
0-1: Ball
1-1: Swinging Strike
1-2: Ball
2-2: Strikes out swinging
Batting: RHB Bobby Blanchard 0-0: Swinging Strike
0-1: Ball
1-1: Ball
2-1: Foul Ball, location: 2F
2-2: Foul Ball, location: 2F
2-2: Strikes out looking
Top of the 3rd over - 7 runs, 5 hits, 0 errors, 0 left on base; Chattanooga 15 - Northwest Arkansas 1
BOTTOM OF THE 3RD
Northwest Arkansas Naturals batting - Pitching for Chattanooga Lookouts : RHP Mike Ferry
Batting: RHB Matt Tittle 0-0: Called Strike
0-1: Ball
1-1: Foul Ball, location: 2F
1-2: Ground out 6-3 (Groundball, 6, EV 84.4 MPH)
Batting: RHB Justin Bonner 0-0: Called Strike
0-1: Swinging Strike
0-2: Ball
1-2: Ball
2-2: Ball
3-2: Strikes out looking
Batting: RHB Danny Weisse 0-0: Called Strike
0-1: Ball
1-1: Ball
2-1: Called Strike
2-2: Strikes out swinging
Bottom of the 3rd over - 0 runs, 0 hits, 0 errors, 0 left on base; Chattanooga 15 - Northwest Arkansas 1
TOP OF THE 4TH
Chattanooga Lookouts batting - Pitching for Northwest Arkansas Naturals : RHP Arturo Rojas
Pitching: RHP Brian Straub
Batting: SHB Duri Chilemba 0-0: SINGLE (Groundball, 34D, EV 98.8 MPH)
Batting: RHB J.J. Powers 0-0: Ball
1-0: Called Strike
1-1: 2-RUN HOME RUN (Flyball, 7D, EV 96.9 MPH), Distance : 395 ft
Batting: RHB Mike Craver 0-0: Ball
1-0: Called Strike
1-1: Ball
2-1: Foul Ball, location: 2F
2-2: Strikes out swinging
Batting: LHB Jim Pankratz 0-0: Foul Ball, location: 2F
0-1: Ball
1-1: Ball
2-1: Foul Ball, location: 2F
2-2: Strikes out swinging
Batting: RHB Matt Dunn 0-0: Ball
1-0: Foul Ball, location: 2F
1-1: Ball
2-1: Foul Ball, location: 2F
2-2: Ball
3-2: Base on Balls
Pitching: RHP Andrew Tipton
Batting: LHB Matt Robertson 0-0: Foul Ball, location: 2F
0-1: Ball
1-1: Foul Ball, location: 2F
1-2: Ball
2-2: Ball
Wild Pitch!
Matt Dunn to second
3-2: Foul Ball, location: 2F
3-2: Foul Ball, location: 2F
3-2: Base on Balls
Batting: RHB Isaiah Easter 0-0: Ground out 3-1 (Groundball, 34S, EV 68.8 MPH)
Top of the 4th over - 2 runs, 2 hits, 0 errors, 2 left on base; Chattanooga 17 - Northwest Arkansas 1
BOTTOM OF THE 4TH
Northwest Arkansas Naturals batting - Pitching for Chattanooga Lookouts : RHP Mike Ferry
Batting: RHB Yi-lin Niu 0-0: Foul Ball, location: 2F
0-1: Ball
1-1: Called Strike
1-2: Ball
2-2: Ball
3-2: Foul Ball, location: 2F
3-2: Base on Balls
Batting: LHB Josh Moore 0-0: Called Strike
0-1: Foul Ball, location: 2F
0-2: Ball
1-2: Ball
2-2: Strikes out swinging
Batting: SHB Jason Anaya 0-0: Called Strike
0-1: Hit by Pitch
Yi-lin Niu to second
Batting: RHB Alex Cid 0-0: Called Strike
0-1: Ball
1-1: Ball
Yi-lin Niu steals 3rd base
2-1: Ball
3-1: Swinging Strike
3-2: Foul Ball, location: 2F
3-2: Base on Balls
Jason Anaya to second
Batting: RHB Josh Gordon 0-0: Called Strike
0-1: Foul Ball, location: 2F
0-2: Grounds into double play, 4-6-3 (Groundball, 4MD, EV 88.8 MPH)
Bottom of the 4th over - 0 runs, 0 hits, 0 errors, 2 left on base; Chattanooga 17 - Northwest Arkansas 1
TOP OF THE 5TH
Chattanooga Lookouts batting - Pitching for Northwest Arkansas Naturals : RHP Andrew Tipton
Batting: LHB Israel Montoya 0-0: Ball
1-0: Ball
2-0: Ball
3-0: Called Strike
3-1: Base on Balls
Batting: RHB Bobby Blanchard 0-0: Called Strike
0-1: Called Strike
0-2: Strikes out swinging
Batting: SHB Duri Chilemba 0-0: Called Strike
0-1: Ball
1-1: SINGLE (Line Drive, 78M, EV 104.4 MPH)
Israel Montoya to second
Pitching: RHP Allen Crenshaw
Batting: RHB J.J. Powers 0-0: Ball
1-0: Ball
2-0: Ball
3-0: Called Strike
3-1: Called Strike
3-2: SINGLE (Line Drive, 9LS, EV 113.8 MPH)
Israel Montoya to third
Duri Chilemba to second
Batting: RHB Mike Craver 0-0: Ball
1-0: Called Strike
1-1: Ball
2-1: TRIPLE (Flyball, 78XD, EV 105.6 MPH)
Israel Montoya scores
Duri Chilemba scores
J.J. Powers scores
Batting: LHB Jim Pankratz 0-0: Ball
1-0: Ball
2-0: Foul Ball, location: 2F
2-1: Ball
3-1: SINGLE (Groundball, 4M, EV 98.1 MPH) (infield hit)
Mike Craver scores
Batting: RHB Matt Dunn 0-0: Called Strike
0-1: Ball
1-1: Foul Ball, location: 2F
1-2: Fly out, F7 (Flyball, 78XD, EV 101.2 MPH)
Batting: LHB Matt Robertson 0-0: Foul Ball, location: 2F
0-1: Ball
1-1: Swinging Strike
1-2: Ball
2-2: SINGLE (Popup, 4MD, EV 59.4 MPH)
Jim Pankratz to second
Batting: RHB Isaiah Easter 0-0: Ball
1-0: Ball
Wild Pitch!
Jim Pankratz to third
Matt Robertson to second
2-0: Ball
3-0: Base on Balls
Batting: LHB Israel Montoya 0-0: Ball
1-0: Foul Ball, location: 2F
1-1: Ball
2-1: Foul Ball, location: 2F
2-2: Ball
Wild Pitch!
Jim Pankratz scores
Matt Robertson to third
Isaiah Easter to second
3-2: Base on Balls
Batting: RHB Bobby Blanchard 0-0: Called Strike
0-1: Ball
1-1: Ground out 5-3 (Groundball, 25, EV 83.1 MPH)
Top of the 5th over - 5 runs, 5 hits, 0 errors, 3 left on base; Chattanooga 22 - Northwest Arkansas 1
BOTTOM OF THE 5TH
Northwest Arkansas Naturals batting - Pitching for Chattanooga Lookouts : RHP Mike Ferry
Batting: RHB Dante McCauley 0-0: Called Strike
0-1: Ground out 1-3 (Groundball, 34S, EV 70.6 MPH)
Batting: RHB Matt Tittle 0-0: Ball
1-0: Foul Ball, location: 2F
1-1: Fly out, F8 (Flyball, 8RS, EV 89.4 MPH)
Batting: RHB Justin Bonner 0-0: Ground out 4-3 (Groundball, 4, EV 100.6 MPH)
Bottom of the 5th over - 0 runs, 0 hits, 0 errors, 0 left on base; Chattanooga 22 - Northwest Arkansas 1
TOP OF THE 6TH
Chattanooga Lookouts batting - Pitching for Northwest Arkansas Naturals : RHP Allen Crenshaw
Batting: SHB Duri Chilemba 0-0: Foul Ball, location: 2F
0-1: Ball
1-1: Ball
2-1: Fly out, F4 (Line Drive, 4, EV 67.5 MPH)
Batting: RHB J.J. Powers 0-0: Ball
1-0: Fly out, F3 (Popup, 34, EV 68.8 MPH)
Batting: RHB Mike Craver 0-0: Ball
1-0: Swinging Strike
1-1: Foul Ball, location: 2F
1-2: SINGLE (Groundball, 6MD, EV 101.2 MPH)
Batting: LHB Jim Pankratz Pickoff Throw to First - Error! E1
Mike Craver to second
0-0: Foul Ball, location: 2F
0-1: Ball
1-1: Ball
Passed Ball!
Mike Craver to third
2-1: DOUBLE (Flyball, 8LXD, EV 112.5 MPH)
Mike Craver scores
Batting: RHB Matt Dunn 0-0: Ball
1-0: Foul Ball, location: 2F
1-1: Ground out 5-3 (Groundball, 56, EV 85.6 MPH)
Top of the 6th over - 1 run, 2 hits, 1 error, 1 left on base; Chattanooga 23 - Northwest Arkansas 1
BOTTOM OF THE 6TH
Northwest Arkansas Naturals batting - Pitching for Chattanooga Lookouts : RHP Mike Ferry
Batting: RHB Danny Weisse 0-0: Fly out, F9 (Flyball, 9LD, EV 100.6 MPH)
Batting: RHB Yi-lin Niu 0-0: Ball
1-0: Swinging Strike
1-1: Fly out, F9 (Line Drive, 9, EV 98.1 MPH)
Batting: LHB Josh Moore 0-0: Called Strike
0-1: Ground out U3 (Groundball, 34, EV 80.6 MPH)
Bottom of the 6th over - 0 runs, 0 hits, 0 errors, 0 left on base; Chattanooga 23 - Northwest Arkansas 1
TOP OF THE 7TH
Chattanooga Lookouts batting - Pitching for Northwest Arkansas Naturals : RHP Allen Crenshaw
Pinch Hitting: LHB Kozo Kanamori 0-0: Ball
1-0: Ground out 5-3 (Groundball, 56S, EV 86.2 MPH)
Batting: RHB Isaiah Easter 0-0: Ball
1-0: Called Strike
1-1: Ball
2-1: Ball
3-1: Base on Balls
Batting: LHB Israel Montoya 0-0: Foul Ball, location: 2F
0-1: Swinging Strike
0-2: Ball
1-2: Ball
2-2: Strikes out swinging
Batting: RHB Bobby Blanchard 0-0: Ball
1-0: Ball
2-0: Foul Ball, location: 2F
2-1: Fly out, F7 (Flyball, 7LM, EV 88.1 MPH)
Top of the 7th over - 0 runs, 0 hits, 0 errors, 1 left on base; Chattanooga 23 - Northwest Arkansas 1
BOTTOM OF THE 7TH
Northwest Arkansas Naturals batting - Pitching for Chattanooga Lookouts : RHP Mike Ferry
Now in RF: Kozo Kanamori
Batting: SHB Jason Anaya 0-0: Ball
1-0: Ball
2-0: Called Strike
2-1: Ground out 6-3 (Groundball, 6M, EV 83.8 MPH)
Batting: RHB Alex Cid 0-0: Ball
1-0: Ball
2-0: Ground out 4-3 (Groundball, 4, EV 100.0 MPH)
Batting: RHB Josh Gordon 0-0: Ball
1-0: Ball
2-0: Ball
3-0: SINGLE (Groundball, 34D, EV 98.1 MPH)
Batting: RHB Dante McCauley 0-0: Ball
1-0: Ball
2-0: Ground out 5-3 (Groundball, 15, EV 87.5 MPH)
Bottom of the 7th over - 0 runs, 1 hit, 0 errors, 1 left on base; Chattanooga 23 - Northwest Arkansas 1
TOP OF THE 8TH
Chattanooga Lookouts batting - Pitching for Northwest Arkansas Naturals : RHP Allen Crenshaw
Pinch Hitting: RHB Miguel Verduzco 0-0: Called Strike
0-1: Called Strike
0-2: SINGLE (Groundball, 34D, EV 101.2 MPH)
Batting: RHB J.J. Powers 0-0: Swinging Strike
0-1: Foul Ball, location: 2F
0-2: Hit by Pitch
Miguel Verduzco to second
Pinch Hitting: RHB Danny Barajas 0-0: Called Strike
0-1: Ball
1-1: Ball
2-1: Swinging Strike
2-2: Strikes out swinging
Batting: LHB Jim Pankratz 0-0: Ball
1-0: Called Strike
1-1: Ball
2-1: Ball
3-1: Swinging Strike
3-2: Base on Balls
Miguel Verduzco to third
J.J. Powers to second
Batting: RHB Matt Dunn 0-0: Ball
1-0: Ball
2-0: Foul Ball, location: 2F
2-1: GRAND SLAM HOME RUN (Flyball, 7D, EV 98.1 MPH), Distance : 388 ft
Batting: LHB Kozo Kanamori 0-0: Ball
1-0: Ball
2-0: Swinging Strike
2-1: Ball
3-1: Foul Ball, location: 2F
3-2: Base on Balls
Batting: RHB Isaiah Easter 0-0: Swinging Strike
0-1: Fly out, F7 (Line Drive, 7D, EV 94.4 MPH)
Batting: LHB Israel Montoya 0-0: Ball
1-0: Ground out U3 (Groundball, 3, EV 85.6 MPH)
Top of the 8th over - 4 runs, 2 hits, 0 errors, 1 left on base; Chattanooga 27 - Northwest Arkansas 1
BOTTOM OF THE 8TH
Northwest Arkansas Naturals batting - Pitching for Chattanooga Lookouts : RHP Mike Ferry
Pitching: RHP Toshiyuki Kawashima
Now at 1B: Miguel Verduzco
Now at 3B: Bobby Paredes
Batting: RHB Matt Tittle 0-0: Swinging Strike
0-1: Called Strike
0-2: Ball
1-2: Strikes out looking
Batting: RHB Justin Bonner 0-0: Ball
1-0: Called Strike
1-1: Ball
2-1: Ball
3-1: Ground out 5-3 (Groundball, 56S, EV 87.5 MPH)
Batting: RHB Danny Weisse 0-0: Ball
1-0: Ball
2-0: Called Strike
2-1: Ball
3-1: Foul Ball, location: 2F
3-2: Base on Balls
Batting: RHB Yi-lin Niu 0-0: Ball
1-0: Foul Ball, location: 2F
1-1: Swinging Strike
1-2: Strikes out swinging
Bottom of the 8th over - 0 runs, 0 hits, 0 errors, 1 left on base; Chattanooga 27 - Northwest Arkansas 1
TOP OF THE 9TH
Chattanooga Lookouts batting - Pitching for Northwest Arkansas Naturals : RHP Allen Crenshaw
Batting: RHB Bobby Blanchard 0-0: Called Strike
0-1: Fly out, F8 (Flyball, 8RS, EV 95.0 MPH)
Batting: RHB Miguel Verduzco 0-0: Ball
1-0: SINGLE (Groundball, 25, EV 69.4 MPH) (infield hit)
Batting: RHB J.J. Powers 0-0: Fielders Choice at 2nd, 6-4 (Groundball, 6, EV 85.0 MPH)
Batting: RHB Bobby Paredes 0-0: Fly out, F5 (Line Drive, 5, EV 63.1 MPH)
Top of the 9th over - 0 runs, 1 hit, 0 errors, 1 left on base; Chattanooga 27 - Northwest Arkansas 1
BOTTOM OF THE 9TH
Northwest Arkansas Naturals batting - Pitching for Chattanooga Lookouts : RHP Toshiyuki Kawashima
Pitching: LHP Moronobu Ikeda
Batting: LHB Josh Moore 0-0: Ball
1-0: Foul Ball, location: 2F
1-1: Ball
2-1: Called Strike
2-2: Ball
3-2: Foul Ball, location: 2F
3-2: Ground out U3 (Groundball, 3L, EV 90.6 MPH)
Batting: SHB Jason Anaya 0-0: Called Strike
0-1: Foul Ball, location: 2F
0-2: Ball
1-2: Fly out, F6 (Popup, 6MS, EV 59.4 MPH)
Batting: RHB Alex Cid 0-0: Ball
1-0: SINGLE (Groundball, 56S, EV 65.6 MPH) (infield hit)
Batting: RHB Josh Gordon 0-0: Ball
1-0: Ball
2-0: Foul Ball, location: 2F
2-1: SINGLE (Line Drive, 9S, EV 107.5 MPH)
Alex Cid to second
Batting: RHB Dante McCauley 0-0: Called Strike
0-1: Fly out, F4 (Flyball, 4D, EV 94.4 MPH)
Bottom of the 9th over - 0 runs, 2 hits, 0 errors, 2 left on base; Chattanooga 27 - Northwest Arkansas 1
Wednesday, June 22nd , 2022 - OOTP Baseball 23.4 Build 64